Map: Ruins of Seras

Players

Saas - Winner!

  • Race: Protoss Protoss
  • League: Grandmaster

wabbajack

  • Race: Zerg Zerg
  • League: Bronze

VOD

Have the link to the VOD?

Description

Time

  • Played on: July 16, 2015, 6:49 p.m.
  • Length: 14:05
Show
View Real Time Build Order
Export as new Build Order

Saas Protoss - Winner!

Build Orders: 1 Gate Expand 

Get SALT Encoding   

  12  0:01  Probe  
  13  0:14  Pylon  
  13  0:18  Probe  
  14  0:32  Probe (Chrono Boost)  
  15  0:41  Gateway  
  15  0:42  Probe (Chrono Boost)  
  16  0:49  Probe  
  17  0:50  Assimilator  
  17  1:20  Nexus  
  17  1:27  Pylon  
  17  1:29  Probe (Chrono Boost)  
  18  1:39  Probe (Chrono Boost)  
  19  1:47  Probe  
  20  1:57  Cybernetics Core, Zealot  
  20  2:01  Probe  
  23  2:07  Assimilator  
  24  2:15  Probe  
  24  2:24  Forge  
  24  2:34  Probe (Chrono Boost)  
  25  2:41  Gateway  
  25  2:43  Probe (Chrono Boost)  
  26  2:46  Probe (Chrono Boost)  
  27  2:57  Mothership Core (Chrono Boost)  
  30  3:02  Probe (Chrono Boost), Photon Cannon  
  30  3:11  Probe (Chrono Boost)  
  32  3:16  Probe (Chrono Boost)  
  32  3:21  Stargate  
  32  3:22  Probe (Chrono Boost)  
  33  3:28  Probe  
  33  3:29  Pylon  
  34  3:35  Stalker (Chrono Boost)  
  34  3:39  Probe  
  34  3:40  Warp Gate (Chrono Boost)  
  37  3:52  Pylon  
  37  3:53  Probe  
  37  3:54  Probe  
  39  3:58  Sentry  
  41  4:04  Oracle (Chrono Boost)  
  41  4:05  Pylon  
  41  4:07  Probe  
  41  4:09  Probe  
  46  4:19  Probe  
  46  4:22  Probe (Chrono Boost)  
  48  4:26  Sentry  
  48  4:29  Assimilator  
  50  4:33  Assimilator  
  50  4:34  Probe (Chrono Boost), Pylon  
  50  4:37  Probe (Chrono Boost)  
  52  4:43  Void Ray (Chrono Boost)  
  42  5:12  Probe (Chrono Boost)  
  43  5:15  Probe (Chrono Boost)  
  43  5:18  Oracle (Chrono Boost)  
  43  5:24  Probe (Chrono Boost)  
  43  5:26  Probe (Chrono Boost)  
  45  5:34  Probe x2 (Chrono Boost)  
  47  5:42  Probe (Chrono Boost)  
  49  5:54  Probe x2 (Chrono Boost)  
  50  6:02  Probe (Chrono Boost), Protoss Ground Weapons Level 1  
  50  6:03  Probe (Chrono Boost)  
  52  6:15  Probe (Chrono Boost)  
  54  6:18  Probe (Chrono Boost)  
  54  6:22  Probe (Chrono Boost)  
  54  6:24  Probe  
  56  6:28  Stalker  
  56  6:30  Pylon  
  56  6:32  Probe (Chrono Boost)  
  59  6:33  Pylon  
  59  6:37  Robotics Facility  
  60  6:42  Probe (Chrono Boost)  
  60  6:44  Probe (Chrono Boost), Nexus  
  60  6:45  Twilight Council, Pylon  
  61  6:50  Probe x2 (Chrono Boost)  
  63  6:56  Void Ray (Chrono Boost)  
  63  6:59  Pylon  
  63  7:01  Probe  
  67  7:05  Photon Cannon  
  67  7:07  Gateway  
  67  7:13  Pylon, Photon Cannon  
  67  7:22  Photon Cannon  
  67  7:24  Pylon  
  67  7:27  Immortal (Chrono Boost)  
  71  7:30  Probe, Robotics Bay  
  71  7:31  Probe  
  71  7:36  Blink (Chrono Boost)  
  73  7:48  Probe x2  
  75  7:56  Probe  
  75  7:57  Protoss Ground Weapons Level 2 (Chrono Boost)  
  76  8:00  Sentry x2, Probe  
  81  8:09  Observer (Chrono Boost)  
  81  8:11  Probe x2  
  84  8:13  Assimilator  
  84  8:18  Assimilator  
  84  8:21  Photon Cannon  
  84  8:23  Photon Cannon  
  84  8:24  Gateway  
  84  8:25  Gateway  
  84  8:27  Pylon  
  84  8:30  Gravitic Drive  
  87  8:36  Disruptor (Chrono Boost)  
  87  8:42  Probe (Chrono Boost)  
  87  8:47  Probe x2 (Chrono Boost)  
  90  8:52  Probe (Chrono Boost)  
  90  8:55  Probe x2 (Chrono Boost)  
  93  8:56  Zealot x3  
  93  9:01  Gateway  
  99  9:03  Gateway  
  99  9:05  Gateway, Probe  
  99  9:07  Gateway  
  99  9:08  Warp Prism (Chrono Boost)  
  102  9:19  Probe (Chrono Boost)  
  102  9:23  Pylon  
  102  9:24  Probe x2 (Chrono Boost)  
  107  9:33  Probe x2 (Chrono Boost)  
  110  9:39  Disruptor (Chrono Boost)  
  110  9:42  Stalker x5  
  110  9:45  Probe x2, Disruptor  
  122  9:46  Extended Thermal Lance  
  122  10:16  Disruptor  
  119  10:26  Colossus (Chrono Boost)  
  125  10:30  Protoss Ground Weapons Level 3 (Chrono Boost)  
  125  10:35  Nexus  
  125  10:37  Pylon  
  125  10:39  Disruptor  
  125  10:41  Pylon  
  125  10:43  Assimilator  
  125  10:49  Assimilator  
  121  10:51  Robotics Facility  
  115  10:57  Dark Shrine  
  115  10:59  Photon Cannon  
  113  11:08  Pylon  
  113  11:12  Pylon  
  113  11:13  Disruptor  
  113  11:20  Zealot x4  
  113  11:21  Zealot x4  
  129  11:44  Probe x2  
  127  11:59  Probe  
  127  12:00  Probe x3  
  123  12:03  Colossus (Chrono Boost)  
  123  12:08  Stalker x4  
  132  12:09  Stalker x3  
  142  12:15  Disruptor (Chrono Boost)  
  142  12:29  Observer Gravitic Boosters  
  137  12:30  Probe x2  
  139  12:38  Dark Templar x3  
  139  12:44  Photon Cannon  
  145  12:46  Photon Cannon  
  145  12:48  Photon Cannon  
  145  12:51  Photon Cannon  
  145  12:53  Gateway  
  145  12:55  Dark Templar, Nexus  
  145  12:57  Disruptor  
  147  12:58  Pylon  
  147  13:00  Gateway  
  147  13:02  Gateway, Assimilator  
  147  13:03  Pylon, Warp Prism (Chrono Boost)  
  149  13:07  Gateway, Assimilator  
  149  13:12  Colossus (Chrono Boost)  
  146  13:47  Probe  
  146  13:48  Probe  
Show
View Real Time Build Order
Export as new Build Order

wabbajack Zerg 

Build Orders: Hatch First, Lurkers 

Get SALT Encoding   

  12  0:01  Drone  
  13  0:18  Overlord  
  13  0:20  Drone  
  14  0:24  Extractor  
  14  0:25  Drone, Extractor  
  13  0:30  Drone  
  16  0:41  Drone  
  17  0:57  Hatchery  
  16  1:06  Drone x2  
  16  1:08  Extractor  
  17  1:19  Spawning Pool  
  17  1:21  Drone  
  18  1:25  Drone  
  18  1:34  Drone  
  19  1:59  Overlord  
  19  2:06  Queen  
  21  2:11  Extractor, Queen  
  21  2:12  Metabolic Boost  
  22  2:16  Drone x3  
  25  2:35  Drone x2  
  27  2:40  Baneling Nest  
  26  2:46  Drone  
  26  2:47  Drone  
  26  2:48  Drone  
  26  2:49  Overlord  
  29  2:52  Drone  
  30  2:58  Pneumatized Carapace  
  30  3:17  Zergling x2  
  30  3:18  Zergling x4  
  33  3:21  Zergling x2  
  33  3:22  Zergling x4  
  36  3:34  Zergling x4  
  36  3:35  Zergling x2  
  39  3:51  Drone x3  
  39  3:52  Drone x2  
  39  3:54  Overlord x2  
  44  4:02  Baneling x3  
  44  4:03  Baneling  
  44  4:17  Baneling x2  
  44  4:20  Baneling x2  
  24  5:18  Baneling  
  24  5:19  Zergling x8  
  24  5:20  Baneling  
  27  5:26  Lair  
  27  5:31  Drone  
  27  5:32  Drone x8  
  36  5:37  Spore Crawler  
  35  5:46  Burrow  
  35  5:52  Overlord  
  35  5:58  Drone  
  35  5:59  Drone x3  
  35  6:03  Roach Warren  
  38  6:06  Evolution Chamber, Drone  
  38  6:07  Drone x6  
  38  6:09  Evolution Chamber  
  43  6:15  Extractor  
  42  6:20  Spore Crawler  
  41  6:26  Spore Crawler  
  40  6:33  Zerg Missile Weapons Level 1  
  40  6:36  Zerg Ground Armor Level 1  
  40  6:51  Glial Reconstitution  
  40  6:53  Hydralisk Den  
  38  6:59  Drone x3  
  38  7:01  Drone x3, Extractor  
  43  7:02  Drone  
  43  7:03  Drone  
  43  7:04  Drone  
  43  7:05  Overlord  
  46  7:09  Overlord  
  46  7:13  Drone  
  42  7:33  Drone x5, Hydralisk Den  
  42  7:34  Drone  
  42  7:35  Drone, Hydralisk Den  
  47  7:37  Drone  
  49  7:44  Muscular Augments  
  49  7:50  Hydralisk x2  
  53  7:54  Lurker Den  
  53  8:13  Hydralisk x2  
  53  8:14  Hydralisk, Roach  
  53  8:16  Roach  
  63  8:23  Overseer  
  63  8:28  Drone  
  63  8:29  Spine Crawler  
  63  8:36  Spine Crawler, Zerg Missile Weapons Level 2  
  62  8:44  Zerg Ground Armor Level 2  
  62  8:45  Overlord  
  62  8:50  Roach  
  62  8:51  Hydralisk  
  62  8:52  Roach  
  68  9:02  Overlord  
  68  9:18  Hatchery  
  67  9:30  Overlord x2  
  67  9:33  Spore Crawler  
  66  9:47  Hatchery  
  66  9:49  Lurker  
  66  9:50  Lurker x4  
  66  9:51  Hydralisk x5  
  80  10:03  Spore Crawler  
  78  10:32  Queen  
  80  10:37  Drone  
  80  10:38  Drone x11  
  80  10:40  Overlord x3  
  57  11:19  Hydralisk  
  57  11:20  Hydralisk x3  
  57  11:22  Zerg Melee Weapons Level 1  
  57  11:25  Hydralisk x3  
  65  11:26  Hydralisk x2  
  65  11:28  Hydralisk x3  
  79  11:40  Lair  
  79  11:45  Extractor  
  79  11:46  Extractor  
  77  11:50  Spine Crawler  
  77  11:51  Spine Crawler x2  
  66  12:15  Hydralisk x5  
  66  12:16  Hydralisk  
  73  12:47  Lurker x3  
  76  13:16  Extractor x2  
  52  13:30  Drone x3  
  52  13:31  Drone x2  
  51  13:34  Drone  
  51  13:35  Drone x6  
  42  13:52  Spore Crawler  
  42  13:54  Spine Crawler x2  
  39  13:56  Spore Crawler  
  39  13:57  Spine Crawler  
Tags
 
Add a new tag
Caveats
  • Supply blocks, unpowered buildings, or Contaminate may cause inaccurate times.
  • Supply counts are checked every 10 seconds.